[ AOE2 MATCH · #508392893 ]
UnrankedSpanish vs Portuguese
Player's team · WIN
Rival team · LOSS
[ REPLAY ANALYSIS · EXTRACTED FROM THE RECORDED GAME ]
Feudal
11:55
Castle
16:06
Imperial
—
| APM avg | 44.5 |
| APM peak | 102 |
| eAPM avg | 16.8 |
| Villagers / military | 27 / 9 |
Focus
⚔️ 22.3% · 🌾 77.7%
Conquistador ×8 · Mangonel ×1
Feudal
11:12
Castle
16:52
Imperial
—
| APM avg | 59.1 |
| APM peak | 127 |
| eAPM avg | 17.1 |
| Villagers / military | 36 / 19 |
Focus
⚔️ 27.2% · 🌾 72.8%
Cavalry Archer ×16 · Militia ×3
Match map
Initial resources + every placement click. Lines = walls · curves = elevation contours. ◆ gold · ⬟ stone · ● berries · ✦ relic · ◌ wall gap
Your base· Open — unwalled flank
Jackdaw's base· Open — unwalled flank
Smoothed initial terrain · ◌ = detected wall gap · hover for details
Inputs per minute
— Nepukad - - Jackdaw
Build order — Nepukad
71 actions detected in the replay
| 0:01 | Queue | Villager (Male) |
| 0:01 | Queue | Villager (Male) |
| 0:01 | Queue | Villager (Male) |
| 0:02 | Queue | Villager (Male) |
| 0:02 | Build | House |
| 0:05 | Build | House |
| 1:29 | Queue | Villager (Male) |
| 1:44 | Build | Lumber Camp |
| 1:58 | Queue | Villager (Male) |
| 2:17 | Queue | Villager (Male) |
| 2:55 | Queue | Villager (Male) |
| 3:17 | Queue | Villager (Male) |
| 3:47 | Queue | Villager (Male) |
| 3:47 | Queue | Villager (Male) |
| 3:47 | Queue | Villager (Male) |
| 3:53 | Build | House |
| 3:54 | Build | House |
| 4:35 | Build | Palisade Wall |
| 4:37 | Queue | Villager (Male) |
| 5:04 | Queue | Villager (Male) |
| 5:04 | Queue | Villager (Male) |
| 5:26 | Queue | Villager (Male) |
| 5:58 | Queue | Villager (Male) |
| 6:01 | Build | Mining Camp |
| 6:11 | Queue | Villager (Male) |
| 6:11 | Queue | Villager (Male) |
| 6:28 | Research | Loom |
| 6:50 | Queue | Villager (Male) |
| 7:34 | Build | Mill |
| 7:49 | Build | Palisade Wall |
| 7:55 | Queue | Villager (Male) |
| 8:13 | Queue | Villager (Male) |
| 8:59 | Queue | Villager (Male) |
| 9:04 | Build | Mill |
| 9:45 | Research | Feudal Age |
| 11:55 | Age | Feudal Age |
| 12:45 | Build | Market |
| 12:51 | Build | Blacksmith |
| 12:56 | Build | Palisade Wall |
| 13:26 | Research | Castle Age |
| 13:48 | Build | Farm |
| 14:07 | Build | Farm |
| 14:43 | Build | Farm |
| 14:47 | Research | Double-Bit Axe |
| 15:20 | Queue | Villager (Male) |
| 15:27 | Build | Palisade Wall |
| 16:06 | Age | Castle Age |
| 16:10 | Build | Castle |
| 16:24 | Build | House |
| 16:32 | Build | Lumber Camp |
| 16:39 | Build | Mining Camp |
| 16:44 | Queue | Villager (Male) |
| 17:00 | Build | Outpost |
| 17:05 | Queue | Conquistador |
| 17:05 | Queue | Conquistador |
| 17:08 | Queue | Villager (Male) |
| 17:47 | Queue | Conquistador |
| 18:23 | Research | Padded Archer Armor |
| 19:29 | Queue | Conquistador |
| 19:29 | Queue | Conquistador |
| 19:33 | Build | Siege Workshop |
| 19:38 | Build | Farm |
| 19:39 | Build | Farm |
| 19:59 | Queue | Conquistador |
| 20:01 | Build | Farm |
| 20:06 | Queue | Mangonel |
| 20:21 | Queue | Villager (Male) |
| 20:23 | Build | Farm |
| 20:46 | Queue | Conquistador |
| 20:46 | Queue | Conquistador |
| 20:49 | Build | Farm |
Build order — Jackdaw
93 actions detected in the replay
| 0:00 | Queue | Villager (Male) |
| 0:00 | Queue | Villager (Male) |
| 0:00 | Queue | Villager (Male) |
| 0:01 | Queue | Villager (Male) |
| 0:01 | Queue | Villager (Male) |
| 0:04 | Build | House |
| 0:05 | Build | House |
| 1:27 | Queue | Villager (Male) |
| 1:56 | Queue | Villager (Male) |
| 2:11 | Build | Lumber Camp |
| 2:19 | Queue | Villager (Male) |
| 2:46 | Queue | Villager (Male) |
| 3:10 | Queue | Villager (Male) |
| 3:15 | Queue | Villager (Male) |
| 3:28 | Build | House |
| 3:40 | Queue | Villager (Male) |
| 4:03 | Queue | Villager (Male) |
| 4:40 | Queue | Villager (Male) |
| 5:07 | Build | Barracks |
| 5:09 | Queue | Villager (Male) |
| 5:31 | Queue | Villager (Male) |
| 5:37 | Build | House |
| 6:13 | Queue | Villager (Male) |
| 6:18 | Queue | Militia |
| 6:18 | Queue | Militia |
| 6:32 | Queue | Militia |
| 6:34 | Queue | Villager (Male) |
| 6:40 | Build | Mill |
| 6:54 | Queue | Villager (Male) |
| 7:10 | Build | House |
| 7:17 | Queue | Villager (Male) |
| 7:39 | Build | House |
| 7:44 | Queue | Villager (Male) |
| 7:49 | Research | Loom |
| 8:28 | Build | Farm |
| 9:02 | Research | Feudal Age |
| 9:14 | Build | Mill |
| 9:46 | Build | Mining Camp |
| 10:21 | Build | House |
| 11:12 | Age | Feudal Age |
| 11:18 | Research | Man-at-Arms (upgrade) |
| 11:59 | Queue | Villager (Male) |
| 11:59 | Queue | Villager (Male) |
| 12:44 | Queue | Villager (Male) |
| 12:46 | Build | Archery Range |
| 12:54 | Build | Market |
| 12:57 | Queue | Villager (Male) |
| 13:17 | Build | Farm |
| 13:21 | Build | Farm |
| 13:25 | Build | Farm |
| 13:33 | Build | Farm |
| 13:41 | Queue | Villager (Male) |
| 13:45 | Build | Farm |
| 13:48 | Build | Farm |
| 14:08 | Build | House |
| 14:12 | Research | Castle Age |
| 14:39 | Build | Archery Range |
| 14:51 | Research | Double-Bit Axe |
| 15:26 | Build | Blacksmith |
| 15:46 | Queue | Villager (Male) |
| 16:01 | Build | Lumber Camp |
| 16:44 | Research | Fletching |
| 16:45 | Research | Padded Archer Armor |
| 16:52 | Age | Castle Age |
| 16:58 | Build | Archery Range |
| 17:02 | Queue | Cavalry Archer |
| 17:04 | Queue | Villager (Male) |
| 17:27 | Queue | Cavalry Archer |
| 17:27 | Queue | Cavalry Archer |
| 17:29 | Queue | Villager (Male) |
| 17:49 | Queue | Cavalry Archer |
| 17:50 | Queue | Cavalry Archer |
| 17:54 | Queue | Villager (Male) |
| 18:23 | Queue | Cavalry Archer |
| 18:23 | Queue | Cavalry Archer |
| 18:25 | Queue | Villager (Male) |
| 18:45 | Queue | Cavalry Archer |
| 18:45 | Queue | Cavalry Archer |
| 18:46 | Queue | Villager (Male) |
| 19:12 | Queue | Cavalry Archer |
| 19:24 | Queue | Cavalry Archer |
| 19:24 | Queue | Cavalry Archer |
| 19:24 | Queue | Villager (Male) |
| 19:28 | Queue | Villager (Male) |
| 19:39 | Queue | Villager (Male) |
| 20:04 | Build | Lumber Camp |
| 20:23 | Build | Farm |
| 20:25 | Queue | Cavalry Archer |
| 20:26 | Queue | Cavalry Archer |
| 21:02 | Queue | Villager (Male) |
| 21:05 | Research | Bodkin Arrow |
| 21:08 | Queue | Cavalry Archer |
| 21:08 | Queue | Cavalry Archer |
Match timeline
| 4:35 | Nepukad · wall_segment Palisade Wall x2 |
| 5:07 | Jackdaw · first_building Barracks |
| 7:49 | Nepukad · wall_segment Palisade Wall x1 |
| 11:12 | Jackdaw · age_up feudal |
| 11:55 | Nepukad · age_up feudal |
| 12:46 | Jackdaw · first_building Archery Range |
| 12:56 | Nepukad · wall_segment Palisade Wall x2 |
| 13:24 | Nepukad · first_market_sell 100 stone |
| 14:10 | Jackdaw · first_market_sell 500 stone |
| 14:11 | Jackdaw · first_market_buy 100 food |
| 15:27 | Nepukad · wall_segment Palisade Wall x1 |
| 16:06 | Nepukad · age_up castle |
| 16:10 | Nepukad · first_building Castle |
| 16:52 | Jackdaw · age_up castle |
| 19:33 | Nepukad · first_building Siege Workshop |
| 21:25 | Jackdaw · resign |
[ AI ANALYSIS · 1 CREDIT ]
What really happened in this match?
Wolo.gg analyzes every decision: build order, eco, micro, common mistakes by bracket. Personalized analysis on WhatsApp or Discord in 30 seconds.
Civ guide
Spanish
Perfil
Jugador #5557156